 Dungeon Crawl Stone Soup version 0.29.1-2-gbd0b4ee654 (webtiles) character file.

Game seed: 18096274119803857569

148529 KittyFluff the Stickfighter (level 17, 0/110 HPs)
             Began as a Gargoyle Berserker on Nov 11, 2022.
             Was the Champion of Trog.
             Slain by a raiju (2 damage)
             ... on level 1 of the Abyss.
             The game lasted 03:01:48 (31011 turns).

KittyFluff the Stickfighter (Gargoyle Berserker)   Turns: 31011, Time: 03:01:48

Health: 0/110      AC: 37    Str: 27    XL:     17   Next: 49%
Magic:  17/17      EV: 31    Int: 10    God:    Trog [******]
Gold:   1810       SH:  0    Dex: 15    Spells: 16/16 levels left

rFire   + . .      SeeInvis +   b - +8 lajatang (flame)
rCold   x . .      Faith    .   (shield currently unavailable)
rNeg    + + .      Spirit   .   O - +12 Cigotuvi's embrace {rMiasma Drain rN+}
rPois   ∞          Reflect  .   l - +2 helmet
rElec   +          Harm     .   K - +0 cloak of Qaaghy {rPois rCorr Slay+6 Stlth-}
rCorr   +          Rampage  .   o - +1 pair of gloves
Will    +....                   k - +0 pair of boots
Stlth   +++.......              S - amulet of the acrobat
HPRegen 0.28/turn               a - +6 ring of strength
MPRegen 0.15/turn               d - ring of the Swan {Fire SInv}

@: about to teleport, acrobatic, flying
A: sickness immunity, AC +12, big wings, negative energy resistance 1,
electricity resistance, torment resistance 1, petrification resistance
a: Renounce Religion, Berserk, Trog's Hand, Brothers in Arms


You were on level 1 of the Abyss.
You worshipped Trog.
Trog was exalted by your worship.
You visited 3 branches of the dungeon, and saw 22 of its levels.
You visited the Abyss 1 time.
You also visited: Sewer, Bailey, Ice Cave and Volcano.

You collected 2834 gold pieces.
You spent 1024 gold pieces at shops.

Inventory:

Hand Weapons
 b - a +8 lajatang of flaming (weapon)
 c - a +2 lajatang of venom
 z - the +9 shortbow "Zoixzemi" {flame, rF+}
   (You found it on level 9 of the Dungeon)

   Any ammunition fired from it burns those it strikes, dealing additional fire
   damage.
   rF:        It protects you from fire.
 Z - a +0 antimagic quarterstaff
Missiles
 h - 50 poisoned darts (quivered)
 u - 5 silver javelins
 Q - 7 boomerangs
 R - 4 javelins
 X - 3 atropa-tipped darts
Armour
 i - a +2 buckler
 k - a +0 pair of boots (worn)
 l - a +2 helmet (worn)
 o - a +1 pair of gloves (worn)
 s - a +2 leather armour of resistance
 t - a +2 cloak of willpower
 A - a +2 troll leather armour {Snorg}
 K - the +0 cloak of Qaaghy (worn) {rPois rCorr Slay+6 Stlth-}
   (You bought it in a shop on level 13 of the Dungeon)

   Slay:      It affects your accuracy & damage with ranged weapons and melee
   (+6).
   rPois:     It protects you from poison.
   rCorr:     It protects you from acid and corrosion.
   Stlth:     It makes you less stealthy.
 O - the +12 Cigotuvi's embrace (worn) {rMiasma Drain rN+}
   (You bought it in a shop on level 7 of the Dungeon)

   It gathers nearby corpses to temporarily increase the armour it provides.
   It protects you from foul pestilence.
   rN:        It protects you from negative energy.
   Drain:     It drains your maximum health when unequipped.
 Y - a +1 pair of boots of rampaging
Jewellery
 a - a +6 ring of strength (left hand)
 d - the ring of the Swan (right hand) {Fire SInv}
   (You acquired it on level 10 of the Dungeon)

   [ring of fire]

   It enhances your fire magic.
   rF:        It protects you from fire.
   rC:        It makes you vulnerable to cold.
   SInv:      It lets you see invisible.
 g - a +4 ring of protection
 q - the amulet of Dim Light {Faith rElec rPois Will-}
   (You found it on level 1 of the Lair of Beasts)

   [amulet of faith]

   It allows you to gain divine favour quickly.
   rElec:     It insulates you from electricity.
   rPois:     It protects you from poison.
   Will:      It decreases your willpower.
 v - a ring of fire
 y - a ring of protection from cold
 S - an amulet of the acrobat (around neck)
 W - a +4 ring of evasion
Wands
 m - a wand of polymorph (22)
 x - a wand of iceblast (14)
 C - a wand of paralysis (21)
 G - a wand of flame (18)
 N - a wand of digging (10)
 P - a wand of mindburst (26)
Scrolls
 f - 4 scrolls of fear
 n - 7 scrolls of teleportation
 D - 4 scrolls of enchant armour
 E - 3 scrolls of immolation
 J - 6 scrolls of blinking
 V - 2 scrolls of poison
Potions
 j - 5 potions of lignification
 r - a potion of mutation
 B - 6 potions of curing
 F - 5 potions of haste
 H - a potion of heal wounds
 I - 3 potions of might
 L - 3 potions of attraction
 M - 5 potions of invisibility
 T - 4 potions of cancellation
 U - 3 potions of resistance
Miscellaneous
 e - a lightning rod (4/4)
 p - a phial of floods
 w - a piece from Xom's chessboard (15/15)


   Skills:
 + Level 13.7 Fighting
 + Level 5.1(13.5) Maces & Flails
 * Level 19.2(19.4) Staves
 * Level 11.7 Ranged Weapons
 + Level 0.5 Throwing
 + Level 9.3 Armour
 + Level 9.3 Dodging
 + Level 9.2 Stealth
 + Level 0.1 Unarmed Combat
 * Level 5.9 Evocations


You had 16 spell levels left.
You didn't know any spells.
Your spell library was empty.

Dungeon Overview and Level Annotations

Branches:
Dungeon (15/15)            Temple (0/1) D:6            Lair (5/5) D:10
  Swamp (0/4) Lair:2        Snake (0/4) Lair:2        Slime (0/5) Lair:5
    Orc (2/2) D:10         Vaults (0/5) D:13         Depths (0/4) D:15
  Sewer (visited)          Bailey (visited)           IceCv (visited)
Volcano (visited)
    Elf: Orc:2

Altars:
Nemelex Xobeh
Okawaru
Ru
Xom

Shops:
D:1 [   D:7 =?*   D:10 [   D:13 [

Annotations:
Orc:2 Sonja


Innate Abilities, Weirdness & Mutations

You are immune to sickness and miasma.
Your stone body is resilient. (AC +12)
You are immune to poison.
Your large and strong wings let you fly.
You resist negative energy. (rN+)
You are resistant to electric shocks. (rElec)
You are resistant to unholy torment.
You are immune to petrification.


Message History

The raiju attacks as you move away! The raiju bites you but does no damage.
A chunk of your corpse armour falls away.
The raiju completely misses you.
The raiju bursts into living lightning!
The living lightning hits you. You resist.
* * * LOW HITPOINT WARNING * * *
The raiju blinks! x2
You hit the raiju. You burn the raiju.
The raiju is lightly wounded.
The raiju bites you but does no damage.
The raiju bursts into living lightning!
The living lightning hits you. You resist.
* * * LOW HITPOINT WARNING * * *
The raiju blinks!
The raiju bursts into living lightning!
The living lightning misses you.
The raiju blinks!
You barely miss the raiju.
The raiju is lightly wounded.
The raiju bursts into living lightning!
The living lightning hits the raiju.
The raiju completely resists.
The living lightning misses you.
The raiju blinks! x2; The raiju misses you.
The raiju bites you.
* * * LOW HITPOINT WARNING * * *
The raiju shocks you. You resist.
* * * LOW HITPOINT WARNING * * *
The raiju bites you but does no damage.
You slash the raiju! You burn the raiju.
The raiju is moderately wounded.
You slice the raiju!! You burn the raiju!
You kill the raiju!
Trog accepts your kill. The raiju closely misses you.
The raiju bursts into living lightning!
The living lightning misses you.
The raiju blinks!
The raiju attacks as you move away! The raiju closely misses you.
The raiju completely misses you. The raiju attacks as you move away!
The raiju bites you.
* * * LOW HITPOINT WARNING * * *
The raiju shocks you. You resist.
You die...

.. . . ###
. ##..# .
## # .#.##
..# ...# .#
#..## # . #
#@.#...##
#h#h.....#
#..#.......
.h..#....#
#####....##
..#.## # #


You could see 3 raiju.

Vanquished Creatures
  A bone dragon (Abyss:1)
  A tentacled starspawn (Abyss:1)
  Gastronok (Lair:2)
  Donald (Orc:2)
  A frost giant (IceCv)
  2 orc warlords (Orc:1)
  The ghost of Foabaekk the Unseen, a journeyman GrMo of Gozag (Lair:3)
  An ironbound preserver (D:13)
  Nessos (Orc:2)
  Snorg (Lair:4)
  A minotaur (Lair:3)
  Josephine (D:12)
  4 hydras
  4 catoblepae (Lair:5)
  3 boulder beetles (D:13)
  An ogre mage (D:15)
  5 two-headed ogres
  The ghost of anonymouscript the Thaumaturge, a journeyman DjFE of Makhleb (Orc:2)
  8 centaur warriors
  A death knight (D:15)
  25 death yaks
  6 orc high priests
  2 tengu warriors
  2 thrashing horrors (Abyss:1)
  A vampire mage (D:15)
  A fire crab (Lair:5)
  A sixfirhy (Abyss:1)
  A spatial maelstrom (Abyss:1)
  6 skeletal warriors
  An anaconda skeleton (Volcano)
  A wizard (D:14)
  8 deep elf pyromancers
  Pikel (D:4)
  5 orc knights
  A necromancer (D:15)
  A stone giant zombie (D:15)
  A frost giant zombie (D:15)
  4 manticores
  A fire giant zombie (D:15)
  A worldbinder (Abyss:1)
  2 salamanders (shapeshifter)
  6 cyclopes
  9 ugly things
  5 black mambas
  An ice statue (IceCv)
  A smoke demon (Abyss:1)
  6 gargoyles
  8 cane toads
  An efreet (D:15)
  An unseen horror (D:13)
  2 kobold demonologists
  6 rime drakes (IceCv)
  An ice devil (Abyss:1)
  4 komodo dragons
  3 yaktaurs (D:14)
  8 trolls
  A guardian mummy (D:15)
  2 ancient zymes (Abyss:1)
  5 polar bears (IceCv)
  2 harpy skeletons (Volcano)
  3 tyrant leeches (Lair:2)
  5 blink frogs (Lair:4)
  11 slime creatures
  Grinder (D:3)
  4 raiju (Abyss:1)
  3 flying skulls (Volcano)
  2 alligator skeletons (Volcano)
  A vampire (D:11)
  2 shadows
  3 starcursed masses (Abyss:1)
  3 wyverns
  48 yaks
  6 wraiths
  A fire bat (Lair:1)
  A ynoxinul (Abyss:1)
  A fire elemental (Lair:1)
  A neqoxec (Abyss:1)
  2 steam dragons
  7 vampire mosquitoes
  7 basilisks
  2 large abominations (Abyss:1)
  A glowing shapeshifter zombie (D:15)
  11 wargs
  A spatial vortex (Abyss:1)
  2 swamp worms (Lair:2)
  3 acid dragons
  5 water moccasins
  4 nagas (Lair:2)
  Duvessa (D:7)
  An ice beast (D:7)
  2 hell hounds (Lair:1)
  2 sky beasts
  36 orc warriors
  13 ogres
  3 black bears
  13 centaurs
  15 wolves
  2 lemures (D:4)
  4 kobold brigands
  A gnoll sergeant (D:8)
  A necrophage (D:8)
  15 bullfrogs
  3 scorpions
  18 wights
  Dowan (D:7)
  2 spriggan skeletons (Volcano)
  A small abomination (Abyss:1)
  5 killer bees (D:10)
  2 troll skeletons (Volcano)
  7 howler monkeys
  A crimson imp (D:7)
  16 jellies
  Crazy Yiuf (D:3)
  33 orc priests
  3 hounds
  7 hell rats (Lair:5)
  Ijyb (D:5)
  2 iguanas
  15 orc wizards
  2 naga skeletons (Volcano)
  Robin (D:2)
  10 adders
  5 gnolls (D:8)
  5 river rats (Sewer)
  2 white imps
  4 ufetubi
  3 worms
  A dart slug (Sewer)
  105 orcs
  16 bats
  9 endoplasms
  9 giant cockroaches
  20 goblins
  12 hobgoblins
  3 jackals (D:3)
  31 kobolds
  5 quokkas
  16 ball pythons
  3 frilled lizards
  25 rats
839 creatures vanquished.

Vanquished Creatures (collateral kills)
  A demonic crawler (Abyss:1)
  2 starcursed masses (Abyss:1)
  2 small abominations (Abyss:1)
5 creatures vanquished.

Vanquished Creatures (others)
  A centaur (D:11)
  An adder (D:6)
  An orc zombie (D:10)
  14 fungi
  37 plants
  2 starspawn tentacles (Abyss:1)
  11 withered plants (D:15)
67 creatures vanquished.

Grand Total: 911 creatures vanquished

Notes
Turn   | Place    | Note
-------+----------+-------------------------------------------
     0 | D:1      | KittyFluff the Gargoyle Berserker began the quest for the
                  | Orb.
     0 | D:1      | Reached XP level 1. HP: 14/14 MP: 1/1
   481 | D:1      | Reached XP level 2. HP: 19/19 MP: 2/2
   504 | D:1      | Found Ygaph's Armour Shop.
   894 | D:1      | Reached XP level 3. HP: 21/24 MP: 3/3
   956 | D:1      | Found a faded altar of an unknown god.
  1075 | D:2      | Reached ** piety under Trog
  1904 | D:2      | Noticed Robin
  1910 | D:2      | Killed Robin
  1911 | D:2      | Reached XP level 4. HP: 29/29 MP: 4/4
  2101 | D:3      | Noticed Grinder
  2178 | D:3      | Paralysed by Grinder for 4 turns
  2284 | D:3      | Paralysed by Grinder for 2 turns
  2313 | D:3      | Killed Grinder
  2314 | D:3      | Reached skill level 1 in Stealth
  2314 | D:3      | Reached XP level 5. HP: 22/34 MP: 5/5
  2314 | D:3      | Reached XP level 6. HP: 25/39 MP: 6/6
  2817 | D:3      | Found a runed translucent door.
  2818 | D:3      | Noticed Crazy Yiuf
  2827 | D:3      | Killed Crazy Yiuf
  3440 | D:4      | Reached skill level 1 in Staves
  3449 | D:4      | Reached skill level 5 in Maces & Flails
  4361 | D:4      | Noticed Pikel
  4373 | D:4      | Killed Pikel
  4374 | D:4      | Reached skill level 4 in Staves
  4374 | D:4      | Reached XP level 7. HP: 38/44 MP: 7/7
  4374 | D:4      | Reached XP level 8. HP: 41/48 MP: 8/8
  4633 | D:5      | Entered Level 5 of the Dungeon
  4827 | D:5      | Reached skill level 5 in Staves
  4863 | D:5      | Noticed Ijyb
  4879 | D:5      | Killed Ijyb
  5134 | D:5      | Reached skill level 6 in Staves
  5609 | D:6      | Found a large runed translucent door.
  5609 | D:6      | Found a shimmering altar of Xom.
  5609 | D:6      | Found a large runed translucent door.
  5650 | D:6      | Reached *** piety under Trog
  5688 | D:6      | Reached skill level 7 in Staves
  5825 | D:6      | Found a glowing drain.
  5852 | Sewer    | Entered a sewer
  6145 | Sewer    | Reached skill level 5 in Armour
  6251 | Sewer    | Reached skill level 5 in Fighting
  6382 | Sewer    | Reached **** piety under Trog
  6489 | D:6      | Reached XP level 9. HP: 43/54 MP: 9/9
  6765 | D:6      | Reached skill level 8 in Staves
  7010 | D:6      | Found a staircase to the Ecumenical Temple.
  7461 | D:7      | Reached skill level 9 in Staves
  7548 | D:7      | Noticed Dowan
  7556 | D:7      | Noticed Duvessa
  7557 | D:7      | Killed Dowan
  7570 | D:7      | Killed Duvessa
  7867 | D:7      | Found Sunkypa's Magic Scroll Shoppe.
  7888 | D:7      | Found Zuewek's General Store.
  8076 | D:7      | Found Vepnurekh's Jewellery Boutique.
  8451 | D:7      | Reached XP level 10. HP: 56/60 MP: 10/10
  8454 | D:7      | Reached skill level 10 in Staves
  8663 | D:7      | Bought the +4 Cigotuvi's embrace {rMiasma Drain rN+} for
                  | 303 gold pieces
  8663 | D:7      | Found the +4 Cigotuvi's embrace {rMiasma Drain rN+}
  9247 | D:8      | Found a sacrificial altar of Ru.
  9346 | D:8      | Reached ***** piety under Trog
 10228 | D:9      | Reached skill level 11 in Staves
 10379 | D:9      | Identified the +9 shortbow "Zoixzemi" {flame, rF+}
 10464 | D:9      | Found a sparkling altar of Nemelex Xobeh.
 10731 | D:9      | Reached skill level 1 in Ranged Weapons
 10908 | D:9      | Reached skill level 12 in Staves
 10908 | D:9      | Reached skill level 5 in Dodging
 10908 | D:9      | Reached skill level 5 in Stealth
 10908 | D:9      | Reached XP level 11. HP: 67/67 MP: 11/11
 10909 | D:9      | Reached XP level 12. HP: 73/73 MP: 12/12
 10910 | D:9      | Reached skill level 13 in Staves
 10910 | D:9      | Reached XP level 13. HP: 79/79 MP: 13/13
 10921 | D:10     | Entered Level 10 of the Dungeon
 11101 | D:10     | Found Wesi's Armour Shop.
 11101 | D:10     | Found a staircase to the Orcish Mines.
 11269 | D:10     | Found a flagged portal.
 11320 | Bailey   | Entered a bailey
 11354 | Bailey   | Gained mutation: Your large and strong wings let you fly.
                  | [Gargoyle growth]
 11354 | Bailey   | Reached XP level 14. HP: 37/84 MP: 14/14
 11844 | Bailey   | Identified the +7 arbalest of Analysis {flame, Drain rN+
                  | Will+}
 11869 | D:10     | Acquired the ring of the Swan {Fire SInv}
 12347 | D:10     | Found a staircase to the Lair.
 12881 | Lair:1   | Entered Level 1 of the Lair of Beasts
 13009 | Lair:1   | Reached skill level 14 in Staves
 13405 | Lair:1   | Received a gift from Trog
 13632 | Lair:1   | Identified the +3 mace of Ataut {freeze, rN+}
 13735 | Lair:1   | Found a transporter.
 13831 | Lair:1   | Found a transporter.
 13997 | Lair:1   | Identified the amulet of Dim Light {Faith rElec rPois
                  | Will-}
 14113 | Lair:2   | Noticed Gastronok
 14125 | Lair:2   | Killed Gastronok
 14596 | Lair:2   | Found a staircase to the Snake Pit.
 14693 | Lair:2   | Found a staircase to the Swamp.
 15036 | Lair:3   | Found a frozen archway.
 15068 | IceCv    | Entered an ice cave
 15203 | IceCv    | Reached skill level 15 in Staves
 15548 | IceCv    | Noticed a frost giant
 15673 | IceCv    | Killed a frost giant
 15901 | IceCv    | Reached skill level 10 in Fighting
 16223 | Lair:3   | Found a runed translucent gate.
 16223 | Lair:3   | Found a runed translucent gate.
 16223 | Lair:3   | Found a runed translucent gate.
 16312 | Lair:3   | Noticed Foabaekk's ghost (journeyman GrMo)
 16360 | Lair:3   | Killed Foabaekk's ghost
 16369 | Lair:3   | Reached XP level 15. HP: 92/92 MP: 15/15
 17444 | Lair:4   | Reached ****** piety under Trog
 17471 | Lair:4   | Reached skill level 16 in Staves
 17659 | Lair:4   | Noticed Snorg
 17673 | Lair:4   | Killed Snorg
 18182 | Lair:4   | Received a gift from Trog
 18577 | Lair:5   | Entered Level 5 of the Lair of Beasts
 18613 | Lair:5   | Found a dark tunnel.
 18656 | Volcano  | Entered a volcano
 19566 | Lair:5   | Found a staircase to the Slime Pits.
 20179 | Lair:5   | Reached skill level 10 in Ranged Weapons
 21102 | Lair:5   | Reached skill level 17 in Staves
 21857 | D:10     | Reached XP level 16. HP: 42/101 MP: 16/16
 22241 | D:11     | Received a gift from Trog
 22473 | D:11     | Found an iron altar of Okawaru.
 23175 | D:12     | Noticed Josephine
 23187 | D:12     | Killed Josephine
 23810 | D:13     | Identified the +0 leather armour "Liaw" {Int+7 Dex+4 SInv}
 24343 | D:13     | Found a gate to the Vaults.
 24615 | D:13     | Found Cirilag's Armour Shop.
 25219 | D:13     | Received a gift from Trog
 25405 | D:13     | Bought the +0 cloak of Qaaghy {rPois rCorr Slay+6 Stlth-}
                  | for 721 gold pieces
 25877 | D:14     | Found a sparkling altar of Nemelex Xobeh.
 26269 | D:14     | Reached skill level 18 in Staves
 26592 | D:15     | Entered Level 15 of the Dungeon
 27771 | D:15     | Found a staircase to the Depths.
 27800 | D:15     | Reached skill level 5 in Evocations
 27811 | D:15     | Received a gift from Trog
 28306 | Orc:1    | Entered Level 1 of the Orcish Mines
 28659 | Orc:1    | Reached XP level 17. HP: 108/108 MP: 17/17
 28831 | Orc:1    | You are sucked into a shaft and drop 1 floor!
 28831 | Orc:2    | Entered Level 2 of the Orcish Mines
 28857 | Orc:2    | Noticed Nessos
 28872 | Orc:2    | Killed Nessos
 29013 | Orc:2    | Received a gift from Trog
 29628 | Orc:2    | Noticed Donald
 29648 | Orc:2    | Killed Donald
 30032 | Orc:2    | Found a runed translucent door.
 30034 | Orc:2    | Noticed anonymouscript's ghost (journeyman DjFE)
 30045 | Orc:2    | Killed anonymouscript's ghost
 30517 | Orc:2    | Noticed Sonja
 30528 | Abyss:1  | Cast into level 1 of the Abyss (Sonja)
 30662 | Abyss:1  | Reached skill level 19 in Staves
 30771 | Abyss:1  | Noticed a bone dragon
 30780 | Abyss:1  | Killed a bone dragon
 30784 | Abyss:1  | Received a gift from Trog
 30825 | Abyss:1  | Noticed a tentacled starspawn
 30836 | Abyss:1  | Killed a tentacled starspawn
 30871 | Abyss:1  | HP: 2/110 [starcursed mass/accursed screaming (6)]
 31007 | Abyss:1  | HP: 5/110 [raiju (2)]
 31011 | Abyss:1  | HP: 2/110 [raiju (4)]
 31011 | Abyss:1  | Slain by a raiju

Illustrated notes

Levels and vault maps discovered:
D:1:      lightli_arrival_isolated_outpost, layout_basic, serial_shops,
          nicolae_square_shop, dreamdust_ecumenical_altar_grove
D:2:      layout_loops_cross, grunt_decor_cap, nicolae_wormholes, uniq_robin
D:3:      layout_loops_ring, uniq_crazy_yiuf_cottage, uniq_grinder
D:4:      layout_basic, uniq_pikel
D:5:      layout_basic, uniq_ijyb
D:6:      due_chaos_kobolds, layout_cave_pools, temple_fountains,
          portal_sewer_entry_f
D:7:      layout_layer_cave, serial_shops, kennysheep_mini, shop,
          nicolae_square_shop, david_defended_altar_orc, uniq_duvessa
D:8:      layout_basic, nicolae_ru_great_annihilating_truth, hex_intersection
D:9:      layout_rooms, mainiacjoe_overflow_boulevard, grunt_ministairs_10,
          nicolae_elevator_lobby_asterisk
D:10:     layout_gridville, grunt_lair_entry_orc_guard_hut, orc_david_3,
          enter_bailey_4, special_room [special_room_orc]
D:11:     layout_rooms, okawaru_trees_1
D:12:     layout_basic, kennysheep_pointless_box, uniq_josephine
D:13:     layout_grid_maze, skrybe_vaults_entry_preservation, serial_shops,
          nicolae_shop_crystal
D:14:     layout_irregular_city, nemelex_lonely_heart_becter
D:15:     gammafunk_depths_entry_grave, layout_irregular_city,
          grunt_ministairs_4, bh_walls_and_bars
Lair:1:   gammafunk_cloud_chamber, layout_cave_pods, lemuel_old_faithful
Lair:2:   layout_regular_city, minmay_swamp_entry_worms,
          minmay_snake_entry_guardpost_medium, uniq_gastronok
Lair:3:   layout_layer_cave, portal_ice_cave_entry_pillars_1,
          maelrawn_ghost_gauntlet_escape, kennysheep_basilisk_garden
Lair:4:   layout_gridlike, uniq_snorg
Lair:5:   evilmike_catoblepas_cave, layout_loops_ring,
          minmay_slime_entry_jelly_boxes, nicolae_volcano_entry_lava_flow,
          minmay_stone_trees_large
Orc:1:    layout_caves, roderic_batcave, minmay_orc_treasury
Orc:2:    st_orc_town, layout_caves, gammafunk_ghost_grave, uniq_sonja,
          uniq_donald, uniq_nessos
Abyss:1:  base:
D:3

Skill      XL: |  1  2  3  4  5  6  7  8  9 10 11 12 13 14 15 16 17 |
---------------+----------------------------------------------------+-----
Maces & Flails | 4 5 |  5.1
Armour         | 3 4 5 6 7 8 9 |  9.3
Dodging        | 2 3 5 6 7 8 9 |  9.3
Fighting       | 4 5 7 8 10 12 13 | 13.7
Stealth        | 1 2 3 5 6 7 8 9 |  9.2
Staves         | 4 7 9 12 13 15 17 18 19 | 19.2
Ranged Weapons | 4 6 7 9 10 11 | 11.7
Evocations     | 2 3 5 |  5.9
Throwing       | |  0.5
Unarmed Combat | |  0.1

Action                   |  1- 3 |  4- 6 |  7- 9 | 10-12 | 13-15 | 16-18 || total
-------------------------+-------+-------+-------+-------+-------+-------++-------
Melee: Mace              |   119 |    71 |       |       |       |       ||   190
       Punch             |     2 |       |       |       |       |       ||     2
       Unarmed           |       |     6 |       |       |       |       ||     6
       Quarterstaff      |       |    73 |   380 |   231 |   235 |       ||   919
       Lajatang          |       |       |       |       |   755 |   782 ||  1537
 Fire: Shortbow          |       |       |       |       |   100 |       ||   100
Throw: Dart              |       |     5 |       |       |     4 |       ||     9
Invok: Berserk           |     3 |     2 |     2 |       |    10 |     4 ||    21
       Brothers in Arms  |       |       |       |       |       |     1 ||     1
  Use: Scroll            |       |       |       |     7 |    23 |     5 ||    35
       Potion            |       |       |       |     3 |     3 |     2 ||     8
 Stab: Sleeping          |       |     1 |     1 |     1 |    13 |     5 ||    21
       Paralysed         |       |     1 |       |     1 |       |       ||     2
       Confused          |       |       |     1 |       |     1 |       ||     2
       Invisible         |       |       |     1 |       |       |       ||     1
       Distracted        |       |       |       |       |     1 |     2 ||     3
       Petrified         |       |       |       |       |     1 |       ||     1
Armor: Animal skin       |    49 |    31 |       |       |       |       ||    80
       Skin              |       |     8 |       |       |       |       ||     8
       Leather armour    |       |    16 |   165 |   136 |   507 |   307 ||  1131
Dodge: Dodged            |    74 |    81 |   238 |   170 |   605 |   553 ||  1721
